 Dungeon Crawl Stone Soup version 0.31-a0-1539-g569d6c7dce (webtiles) character file.

Game seed: 2104480219371150178

2370148 Flugslaktarn the Conqueror (level 21, 218/218 (224) HPs)
             Began as a Minotaur Fighter on Jan 1, 2024.
             Was an Initiate of Gozag.
             Escaped with the Orb
             ... and 3 runes
             ... and 3 gems!
             The game lasted 00:26:21 (39493 turns).

Flugslaktarn the Conqueror (Minotaur Fighter)      Turns: 39493, Time: 00:26:21

HP:   218/218 (224) AC: 51    Str: 31    XL:     21   Next: 65%
MP:   20/20         EV: 11    Int:  8    God:    Gozag
Gold: 1294          SH: 16    Dex: 15    Spells: 20/20 levels left

rFire   + . .        U - +7 war axe of Tixkan {freeze, Will+ Str+3 Int-3 Dex+3}
rCold   + . .        N - +3 kite shield {rF+}
rNeg    . . .        O - +8 orange crystal plate armour {Archmagi, Int+3 Clar}
rPois   +            C - +2 hat {Int+3}
rElec   +            m - +2 cloak
rCorr   .            D - +0 pair of gloves of the Sky {rElec rPois Dex+2 Slay+2}
SInv    .            S - +2 pair of boots {Fly}
Will    ++...        x - amulet of guardian spirit Stlth
                     j - +4 ring of slaying
HPRegen 0.56/turn    c - ring of protection from cold
MPRegen 0.17/turn

%: clarity, guardian spirit, archmagi
@: flying, lightly drained
A: horns 2, retaliatory headbutt, clumsy 1, weak 1
0: Orb of Zot
}: 3/15 runes: decaying, silver, gossamer
a: Renounce Religion, Potion Petition, Call Merchant, Bribe Branch


You escaped.
You worshipped Gozag.
Gozag was most pleased with you.
You visited 8 branches of the dungeon, and saw 44 of its levels.
You visited the Abyss 1 time.
You also visited: Sewer and Gauntlet.

You collected 16058 gold pieces.
You spent 2036 gold pieces at shops.
You paid 12728 gold pieces to Gozag.

Inventory:

Hand Weapons
 J - the +7 battleaxe of Moderation {elec, Fly Will+ Str-3 Dex+3}
   (You bought it in a shop on level 2 of the Orcish Mines)

   Str-3:     It affects your strength (-3).
   Dex+3:     It affects your dexterity (+3).
   Will+:     It increases your willpower.
   Fly:       It grants you flight.
 R - a +7 broad axe of electrocution
   (You took it off a vault guard on level 4 of the Vaults)
 U - the +7 war axe of Tixkan (weapon) {freeze, Will+ Str+3 Int-3 Dex+3}
   (You took it off a minotaur in a Gauntlet)

   Str+3:     It affects your strength (+3).
   Int-3:     It affects your intelligence (-3).
   Dex+3:     It affects your dexterity (+3).
   Will+:     It increases your willpower.
Missiles
 l - 4 throwing nets
Armour
 m - a +2 cloak (worn)
   (You found it on level 2 of the Dungeon)
 C - a +2 hat of intelligence (worn)
   (You found it on level 4 of the Spider Nest)
 D - the +0 pair of gloves of the Sky (worn) {rElec rPois Dex+2 Slay+2}
   (You found it in a Gauntlet)

   Dex+2:     It affects your dexterity (+2).
   Slay+2:    It affects your accuracy & damage with ranged weapons and melee
   (+2).
   rElec:     It insulates you from electricity.
   rPois:     It protects you from poison
 N - a +3 kite shield of fire resistance (worn)
   (You found it on level 2 of the Lair of Beasts)
 O - the +8 orange crystal plate armour (worn) {Archmagi, Int+3 Clar}
   (You acquired it on level 3 of the Lair of Beasts)

   Int+3:     It affects your intelligence (+3).
   Clar:      It protects you from confusion, rage, mesmerisation and fear.
 S - a +2 pair of boots of flying (worn)
   (You bought it in a shop on level 2 of the Orcish Mines)
Jewellery
 a - the ring "Zahyczi" {Ice rN+++ Will+ Str+2 Dex-3}
   (You found it in a Gauntlet)

   [ring of ice]

   Ice:       It enhances your ice magic.
   Str+2:     It affects your strength (+2).
   Dex-3:     It affects your dexterity (-3).
   rF-:       It makes you vulnerable to fire.
   rC+:       It protects you from cold.
   rN+++:     It renders you almost immune to negative energy.
   Will+:     It increases your willpower.
 c - a ring of protection from cold (right hand)
   (You found it on level 4 of the Lair of Beasts)
 i - a ring of see invisible
   (You found it on level 4 of the Lair of Beasts)
 j - a +4 ring of slaying (left hand)
   (You found it on level 8 of the Dungeon)
 o - a ring of poison resistance
   (You found it on level 9 of the Dungeon)
 p - a +4 ring of protection
   (You bought it in a shop on level 4 of the Dungeon)
 v - a +5 ring of evasion
   (You found it on level 5 of the Dungeon)
 x - an amulet of guardian spirit (around neck)
   (You found it on level 4 of the Dungeon)
 I - a ring of flight
   (You found it on level 4 of the Lair of Beasts)
Wands
 e - a wand of iceblast (30)
   (You found it on level 3 of the Dungeon)
 g - a wand of digging (22)
   (You found it on level 10 of the Dungeon)
 s - a wand of mindburst (48)
   (You found it on level 4 of the Dungeon)
 G - a wand of paralysis (67)
   (You found it on level 3 of the Dungeon)
 P - a wand of light (4)
   (You found it on level 5 of the Lair of Beasts)
Scrolls
 b - 6 scrolls of fog
 r - 4 scrolls of identify
 t - 7 scrolls of teleportation
 u - 4 scrolls of vulnerability
 z - 3 scrolls of blinking
 B - 4 scrolls of silence
 H - a scroll of brand weapon
 M - 2 scrolls of immolation
 Q - 3 scrolls of fear
Potions
 d - 4 potions of might
 f - 3 potions of berserk rage
 h - 2 potions of haste
 n - a potion of resistance
 q - 11 potions of curing
 w - 3 potions of heal wounds
 A - 8 potions of lignification
 E - 2 potions of mutation
 F - 8 potions of enlightenment
 K - a potion of invisibility
 V - 5 potions of ambrosia
 W - 3 potions of magic
Miscellaneous
 Y - a phantom mirror
   (You found it on level 11 of the Dungeon)


   Skills:
 O Level 27 Fighting
 + Level 21.3 Axes
 O Level 27 Armour
 - Level 8.9 Dodging
 - Level 14.0 Shields
 - Level 6.0 Evocations


You had 20 spell levels left.
You didn't know any spells.
Your spell library contained the following spells:

 Spells                   Type           Power      Damage    Failure   Level
 Slow                     Hex            0%         N/A       97%         1
 Sting                    Conj/Alch      0%         1d3       97%         1
 Cigotuvi's Dreadful Rot  Necr/Alch/Air  0%         N/A       99%         2
 Ensorcelled Hibernation  Hex/Ice        0%         N/A       99%         2
 Lesser Beckoning         Tloc           0%         N/A       99%         2
 Mercury Vapours          Alch/Air       0%         N/A       99%         2
 Static Discharge         Conj/Air       0%         3-3/arc   99%         2
 Confusing Touch          Hex            0%         N/A       100%        3
 Frozen Ramparts          Ice            0%         1d1       100%        3
 Fugue of the Fallen      Necr           0%         N/A       100%        3
 Gell's Gravitas          Tloc           0%         N/A       100%        3
 Inner Flame              Hex/Fire       0%         N/A       100%        3
 Passwall                 Erth           0%         N/A       100%        3
 Swiftness                Air            0%         N/A       100%        3
 Teleport Other           Tloc           0%         N/A       100%        3
 Airstrike                Air            0%         2d(0-16)  100%        4
 Anguish                  Hex/Necr       0%         N/A       100%        4
 Brom's Barrelling Bould  Conj/Erth      0%         2d3       100%        4
 Cause Fear               Hex            0%         N/A       100%        4
 Dispel Undead            Necr           0%         3d6       100%        4
 Flame Wave               Conj/Fire      0%         2d4       100%        4
 Leda's Liquefaction      Alch/Erth      0%         N/A       100%        4
 Martyr's Knell           Necr/Summ      0%         N/A       100%        4
 Olgreb's Toxic Radiance  Alch           0%         N/A       100%        4
 Petrify                  Alch/Erth      0%         N/A       100%        4
 Sticky Flame             Fire/Alch      0%         2d4       100%        4
 Summon Lightning Spire   Summ/Air       0%         N/A       100%        4
 Vhi's Electric Charge    Tloc/Air       0%         N/A       100%        4
 Arcjolt                  Conj/Air       0%         1d10      100%        5
 Fireball                 Conj/Fire      0%         3d3       100%        5
 Iskenderun's Battlesphe  Conj           0%         2d6       100%        5
 Metabolic Englaciation   Hex/Ice        0%         N/A       100%        5
 Conjure Ball Lightning   Conj/Air       0%         3x3d6     100%        6
 Death Channel            Necr           0%         N/A       100%        6
 Dispersal                Tloc           0%         N/A       100%        6
 Orb of Destruction       Conj           0%         9d5       100%        7
 Ozocubu's Refrigeration  Ice            0%         4d7       100%        7
 Discord                  Hex            0%         N/A       100%        8
 Maxwell's Capacitive Co  Air            0%         ∞         100%        8
 Dragon's Call            Summ           0%         N/A       100%        9


Dungeon Overview and Level Annotations

Branches:
Dungeon (15/15)            Temple (0/1) D:4            Lair (5/5) D:11
  Swamp (4/4) Lair:2       Spider (4/4) Lair:3        Slime (0/5) Lair:4
    Orc (2/2) D:9             Elf (0/3) Orc:2        Vaults (5/5) D:14
  Crypt (0/3) Vaults:2     Depths (4/4) D:15            Zot (5/5) Depths:4
  Sewer (visited)         Gauntlet (visited)

Altars:
Dithmenos
Fedhas
Gozag
Kikubaaqudgha
Nemelex Xobeh
Okawaru
Qazlal
Sif Muna
Trog
Vehumet
Xom
Yredelemnul
Zin

Shops:
D:4 =   Orc:2 [([(:[:(*   Vaults:2 (

Portals:
Hell: Depths:1 Depths:2 Depths:4
Abyss: Depths:3
Pandemonium: Depths:3
Trove: D:12 (give 11 potions of heal wounds)

Annotations:
D:14 Roxanne
Orc:1 1 runed translucent door, p0werm0de's ghost, journeyman MiFi
Orc:2 2 transporters, bumbalina's ghost, journeyman NaCj
Vaults:2 3 runed translucent doors, Asparus's ghost, adept DsCj
Depths:2 1 exclusion


Innate Abilities, Weirdness & Mutations

You have a pair of horns on your head.
You reflexively headbutt those who attack you in melee.
You are clumsy. (Dex -2)
You are weak. (Str -2)


Message History

A fire dragon comes into view.
The fire dragon roars deafeningly!
You block the rakshasa's attack.
The rakshasa weaves an illusion.
The fire dragon shimmers and seems to become two!
There is a stone staircase leading up here.
You fly upwards.
The fire dragon shimmers and vanishes!
There is a stone staircase leading down here.
You hit the rakshasa. You freeze the rakshasa. You headbutt the rakshasa!
The rakshasa is moderately wounded.
The rakshasa blinks!
A sun demon comes into view.
The rakshasa gestures at you. The lance of force hits you!
You are knocked back by the lance of force.
You slam into the rock wall!
The sun demon hits you but does no damage.
The sun demon barely misses you.
The rakshasa weaves an illusion.
The sun demon shimmers and seems to become two!
Your extra speed is starting to run out.
There is a stone staircase leading up here.
You fly upwards.
Level annotation: 1 exclusion
There is a stone staircase leading down here.
What level of the Dungeon? (default 1, ? - help)
You feel yourself slow down.
Magic restored.
There is a stone staircase leading up here.
You fly upwards.
There is a stone staircase leading down here.
There is an open door here.
You see here 5 large rocks.
There is an open door here.
There is an open door here.
There is a staircase back to the Dungeon, spattered with blood here.
You fly upwards.
Welcome back to the Dungeon!
There is a staircase to the Depths here.
There is an open door here.
There is a stone staircase leading up here.
You fly upwards.
Level annotation: Roxanne
There is a stone staircase leading down, spattered with blood here.
There is a stone staircase leading up, spattered with blood here.
Things that are here:
a +0 chain mail; a +0 war axe You fly upwards.
There is a stone staircase leading down here.
You see here 6 large rocks.
There is a stone staircase leading up here.
You fly upwards.
There is a stone staircase leading down here.
There is a stone staircase leading up here.
You fly upwards.
There is a stone staircase leading down here.
An Orb Guardian comes into view.
There is a stone staircase leading up here.
You fly upwards.
There is a stone staircase leading down here.
HP restored.
A hellwing comes into view.
Unknown command.
The hellwing moves out of view.
There is a stone staircase leading up here.
You fly upwards.
There is a stone staircase leading down here.
There is an open door here.
There is a stone staircase leading up here.
You fly upwards.
There is a stone staircase leading down here.
There is a stone staircase leading up here.
You fly upwards.
There is a stone staircase leading down here.
Things that are here:
a +0 robe; a +3 short sword
There is a stone staircase leading up here.
You fly upwards.
There is a stone staircase leading down here.
There is a stone staircase leading up here.
You fly upwards.
There is a stone staircase leading down here.
There is a stone staircase leading up here.
You fly upwards.
There is a stone staircase leading down here.
There is a stone staircase leading up here.
You fly upwards.
There is a stone staircase leading down here.
You see here a +0 club.
There is a stone staircase leading up here.
You fly upwards.
There is a stone staircase leading down here.
A green death comes into view.
There is a stone staircase leading up here.
You fly upwards.
There is a stone staircase leading down here.
You see here a +0 dagger.
There is a staircase leading out of the dungeon here.
Unknown command.
Enter note: You have escaped!

............# #...##########..###
###.#......## ##### ######.....
#?#.#.#...## #.....#.###
###.#..#.## ####.###.#.##.
........############8...# #.#.##.
###.#.###...............# #.#....
......# #.#####...##8..## #.####.
....### #.# #.....##### #.####.
#...#####.# ##.@.## ##.##...
#.......#.# #.....#######...#...
#######.#.#####...##8............
#.#..............###...#...
#.############8..# ##.##...
#######.# #.#####.## #.####.
......#.# #.......# #.# #.
#####.#.##### #..#.#..# ##.####.
#.#.....###)......# #.#.....


There were no monsters in sight!

Vanquished Creatures
  A dread lich (Vaults:5)
  An orb of fire (Zot:4)
  A curse toe (Zot:3)
  Saint Roka (Orc:2)
  5 golden dragons
  An electric golem (Zot:2)
  A Tzitzimitl (Zot:3)
  7 tentacled monstrosities
  A Hell Sentinel (Zot:3)
  An Orb Guardian (Zot:5)
  5 titans (Vaults:5)
  3 quicksilver dragons
  A sphinx (Vaults:4)
  2 death cobs
  A tentacled starspawn (Abyss:2)
  5 tengu reavers
  2 shadow dragons (Vaults:5)
  8 storm dragons
  2 protean progenitors (Zot:3)
  5 ghost moths
  4 fire giants
  3 fenstrider witches
  17 vault wardens
  6 frost giants
  A deep elf sorcerer (Abyss:2)
  5 emperor scorpions
  15 ironbound preservers
  4 orc warlords
  8 draconian annihilators
  A broodmother (Spider:4)
  16 very ugly things
  6 stone giants
  5 green draconians
  3 ironbound thunderhulks
  4 eleionomae
  2 black draconians (Zot:4)
  2 war gargoyles (Vaults:4)
  4 red draconians (Zot:4)
  8 spark wasps
  A minotaur (Gauntlet)
  6 white draconians
  9 yellow draconians
  4 dire elephants (Vaults:2)
  3 purple draconians
  6 bunyips
  7 ettins
  4 blizzard demons (Zot:3)
  4 entropy weavers
  Josephine (Lair:3)
  An ettin (shapeshifter) (Vaults:2)
  2 fire dragons
  2 shambling mangroves (Swamp:4)
  5 yaktaur captains
  3 ice dragons
  2 spriggan air magi
  2 rakshasas
  An ice dragon (shapeshifter) (Vaults:2)
  3 peacekeepers (Vaults:4)
  Erolcha (D:12)
  3 great orbs of eyes
  26 vault guards
  4 alligators
  A ghost crab (Swamp:4)
  15 hydras
  8 ironbound frosthearts
  2 jorogumos (Zot:3)
  2 death knights (Vaults:2)
  3 catoblepae (Lair:5)
  12 centaur warriors
  6 boulder beetles
  3 two-headed ogres
  A deep troll shaman (Depths:3)
  17 death yaks (Lair:5)
  3 demonic crawlers
  A torpor snail (shapeshifter) (Vaults:5)
  2 death scarabs (Gauntlet)
  Urug (D:12)
  An occultist (D:15)
  A shock serpent (shapeshifter) (Vaults:5)
  4 tengu warriors
  Sonja (D:13)
  5 orc high priests
  3 sun demons (Depths:2)
  4 soul eaters
  8 skeletal warriors
  Amaemon (Lair:1)
  A skyshark (Lair:5)
  3 goliath frogs (Swamp:4)
  An iron troll (Depths:3)
  5 pharaoh ants (Spider:4)
  38 deep trolls
  A spriggan druid (Swamp:4)
  2 bog bodies
  8 orb spiders
  A sun moth (Spider:4)
  6 large abominations (Abyss:2)
  A deep elf archer (D:13)
  10 ironbound convokers
  4 arcanists
  13 swamp dragons
  2 spectral hydras (Gauntlet)
  9 lindwurms
  4 steelbarb worms (Spider:4)
  8 starcursed masses (Abyss:2)
  7 wolf spiders (Spider:4)
  3 harpies (Vaults:2)
  4 phantasmal warriors (Vaults:5)
  3 deep elf pyromancers
  19 orc knights
  4 necromancers
  8 orc sorcerers (Orc:2)
  3 manticores
  8 cyclopes
  29 ugly things
  15 elephants
  4 meliai
  9 moths of wrath
  An eye of devastation (shapeshifter) (Vaults:2)
  2 kobold blastminers (Orc:2)
  3 black mambas
  15 vault sentinels
  9 cane toads
  A stone giant skeleton (Vaults:3)
  A water nymph (shapeshifter) (Vaults:2)
  Joseph (Lair:1)
  A smoke demon (Abyss:2)
  A gargoyle (D:12)
  A torpor snail (Spider:4)
  An orange demon (Lair:1)
  A rime drake (shapeshifter) (D:14)
  An efreet (D:14)
  An unseen horror (Abyss:2)
  4 rime drakes
  16 komodo dragons
  A kobold demonologist (D:11)
  3 freezing wraiths
  13 yaktaurs
  A tormentor (Abyss:2)
  An ancient zyme (Abyss:2)
  4 trolls
  4 tengu conjurers
  3 tyrant leeches
  A polar bear (Lair:1)
  9 tarantellas
  A merfolk (shapeshifter) (Vaults:2)
  Prince Ribbit (D:5)
  15 hornets
  8 raiju (Abyss:2)
  20 blink frogs
  7 dream sheep (Lair:5)
  4 glass eyes
  32 slime creatures
  A spectral black mamba (Gauntlet)
  A human simulacrum (Vaults:3)
  A stone giant simulacrum (Vaults:3)
  11 jumping spiders
  A centaur simulacrum (D:14)
  Sigmund (D:5)
  2 vampires (D:11)
  A water elemental (D:11)
  5 shadows
  8 culicivoras
  16 humans (D:14)
  9 spriggans
  8 wyverns
  6 wraiths
  56 yaks
  2 wargs
  18 redbacks
  6 basilisks
  A steam dragon (D:7)
  A chaos spawn (Abyss:2)
  A neqoxec (Abyss:2)
  Menkaure (D:5)
  A spectral cane toad (Gauntlet)
  10 swamp worms
  3 acid dragons
  A hell hound (D:13)
  17 water moccasins
  6 swamp drakes
  2 ice beasts
  A sky beast (D:8)
  A hornet zombie (D:7)
  2 black bears
  50 orc warriors
  4 wolves (Lair:1)
  2 crocodiles (Sewer)
  A tengu (shapeshifter) (Vaults:5)
  7 ogres
  6 centaurs
  3 kobold brigands
  A human skeleton (Vaults:3)
  2 phantoms
  6 scorpions
  4 wyvern zombies (D:7)
  A small abomination (Abyss:2)
  9 bullfrogs
  A gnoll sergeant (D:11)
  18 wights
  19 killer bees
  A howler monkey (D:10)
  8 electric eels
  A bullfrog zombie (D:7)
  A crimson imp (Abyss:2)
  8 centaur zombies (D:7)
  4 jellies (Lair:4)
  2 bombardier beetles
  17 orc priests
  2 hounds
  An iron imp (Abyss:2)
  Jessica (D:2)
  3 sleepcaps
  5 iguanas
  16 orc wizards
  5 hell rats (Lair:4)
  A malarious merfolk avatar (Sewer)
  A sickly merfolk siren (Sewer)
  2 killer bee zombies (D:7)
  6 howler monkey zombies (D:7)
  4 gnolls (D:11)
  10 adders
  2 river rats (Sewer)
  2 shadow imps (D:6)
  A white imp (Abyss:2)
  4 ufetubi
  3 dart slugs
  3 ribbon worms
  71 orcs
  11 ball pythons
  10 endoplasms
  8 giant cockroaches
  11 goblins
  6 hobgoblins
  6 quokkas
  7 bats
  3 frilled lizards
  15 kobolds
  47 rats
1438 creatures vanquished.

Vanquished Creatures (collateral kills)
  An electric golem (Zot:5)
  2 Orb Guardians (Zot:5)
  2 death cobs (Zot:5)
  A storm dragon (Zot:5)
6 creatures vanquished.

Vanquished Creatures (others)
  A dread lich (Zot:5)
  A Killer Klown (Zot:5)
  A curse toe (Zot:5)
  6 Orb Guardians (Zot:5)
  A shadow dragon (Zot:5)
  A storm dragon (Zot:5)
  3 green draconians (Zot:5)
  An entropy weaver (Spider:4)
  A deep elf knight (D:13)
  A moth of wrath (Zot:5)
  A bloated husk (Swamp:2)
  A human (D:3)
  2 starspawn tentacles (Abyss:2)
21 creatures vanquished.

Grand Total: 1465 creatures vanquished

Notes
Turn   | Place    | Note
-------+----------+-------------------------------------------
     0 | D:1      | Flugslaktarn the Minotaur Fighter began the quest for the
                  | Orb.
     0 | D:1      | Reached XP level 1. HP: 19/19 MP: 0/0
   266 | D:1      | Reached XP level 2. HP: 23/27 MP: 1/1
   695 | D:1      | Reached XP level 3. HP: 30/33 MP: 2/2
  1068 | D:2      | Noticed Jessica
  1071 | D:2      | Killed Jessica
  1128 | D:2      | Reached XP level 4. HP: 30/41 MP: 3/3
  1321 | D:2      | Found a radiant altar of Vehumet.
  1729 | D:3      | Reached skill level 5 in Fighting
  1850 | D:3      | Found an ancient bone altar of Kikubaaqudgha.
  1861 | D:3      | Noticed a human
  1864 | D:3      | Killed a human
  1974 | D:3      | Reached XP level 5. HP: 48/48 MP: 4/4
  2177 | D:4      | Found an opulent altar of Gozag.
  2192 | D:4      | Became a worshipper of Gozag Ym Sagoz the Greedy
  2223 | D:4      | Reached skill level 5 in Axes
  2223 | D:4      | Reached XP level 6. HP: 41/57 MP: 5/5
  2293 | D:4      | Reached skill level 5 in Armour
  2499 | D:4      | Found a glowing drain.
  2629 | Sewer    | Entered a sewer
  2751 | Sewer    | Reached XP level 7. HP: 29/64 MP: 6/6
  3319 | D:4      | Reached XP level 8. HP: 64/74 MP: 7/7
  3424 | D:4      | Found Keidexopt's Jewellery Shop.
  3435 | D:4      | Found a staircase to the Ecumenical Temple.
  3802 | D:4      | Bought a +4 ring of protection for 396 gold pieces
  3826 | D:5      | Entered Level 5 of the Dungeon
  3903 | D:5      | Noticed Sigmund
  3910 | D:5      | Killed Sigmund
  3921 | D:5      | Found a shadowy altar of Dithmenos.
  4077 | D:5      | Noticed Prince Ribbit
  4099 | D:5      | Killed Prince Ribbit
  4553 | D:6      | Noticed Menkaure
  4569 | D:5      | Killed Menkaure
  4570 | D:5      | Reached XP level 9. HP: 11/85 MP: 1/8
  4841 | D:6      | Found a basalt altar of Yredelemnul.
  5163 | D:6      | Reached skill level 10 in Fighting
  5556 | D:7      | Reached skill level 10 in Axes
  5978 | D:7      | Reached XP level 10. HP: 76/96 MP: 7/9
  6753 | D:8      | Found a blossoming altar of Fedhas.
  6755 | D:8      | Found a glowing silver altar of Zin.
  6757 | D:8      | Found a sparkling altar of Nemelex Xobeh.
  6848 | D:8      | Found a stormy altar of Qazlal.
  7332 | D:9      | Found a sparkling altar of Nemelex Xobeh.
  7334 | D:9      | Found an opulent altar of Gozag.
  7334 | D:9      | Found a shimmering altar of Xom.
  7336 | D:9      | Found a shimmering altar of Xom.
  7336 | D:9      | Found a shimmering altar of Xom.
  7336 | D:9      | Found an iron altar of Okawaru.
  7704 | D:9      | Reached XP level 11. HP: 33/107 MP: 3/10
  7937 | D:9      | Found a staircase to the Orcish Mines.
  8444 | D:9      | Noticed a two-headed ogre
  8450 | D:9      | Killed a two-headed ogre
  8451 | D:9      | Reached skill level 10 in Armour
  8545 | D:10     | Entered Level 10 of the Dungeon
  8570 | D:10     | Reached skill level 1 in Dodging
  8665 | D:10     | Noticed a deep elf pyromancer
  8822 | D:10     | Killed a deep elf pyromancer
  9446 | D:11     | Noticed a lindwurm
  9446 | D:11     | Noticed a lindwurm
  9885 | D:11     | Reached skill level 1 in Evocations
 10064 | D:11     | Noticed a sun demon
 10193 | D:11     | Noticed a lindwurm
 10453 | D:11     | Found a staircase to the Lair.
 10537 | Lair:1   | Entered Level 1 of the Lair of Beasts
 10870 | Lair:1   | Noticed Amaemon
 10913 | Lair:1   | Reached XP level 12. HP: 111/118 MP: 11/11
 10936 | Lair:1   | Killed Amaemon
 11314 | Lair:1   | Noticed Joseph
 11329 | Lair:1   | Killed Joseph
 11330 | Lair:1   | Reached skill level 15 in Fighting
 11787 | Lair:2   | Reached skill level 15 in Axes
 11909 | Lair:2   | Found a staircase to the Swamp.
 12487 | Lair:3   | Noticed a four-headed hydra
 12491 | Lair:3   | Killed a four-headed hydra
 12514 | Lair:3   | Reached skill level 5 in Evocations
 12518 | Lair:3   | Reached skill level 5 in Shields
 12755 | Lair:3   | Reached skill level 5 in Dodging
 12770 | Lair:3   | Noticed Josephine
 12783 | Lair:3   | Killed Josephine
 12921 | Lair:3   | Found a hole to the Spider Nest.
 13049 | Lair:3   | Identified the +1 great sword of Youthful Indiscretion
                  | {venom, rN+ Str-4 Int+3}
 13227 | Lair:3   | Identified a scroll of acquirement
 13229 | Lair:3   | Acquired the +8 orange crystal plate armour {Archmagi,
                  | Int+3 Clar}
 13229 | Lair:3   | Found the +8 orange crystal plate armour {Archmagi, Int+3
                  | Clar}
 13380 | Lair:4   | Reached XP level 13. HP: 117/128 MP: 10/12
 13492 | Lair:4   | Found a staircase to the Slime Pits.
 13950 | Lair:4   | Identified the +7 halberd of Wialuast {venom, rF+}
 14426 | Lair:5   | Entered Level 5 of the Lair of Beasts
 14915 | Lair:5   | Reached XP level 14. HP: 61/138 MP: 6/13
 15909 | Lair:5   | Found the +7 great mace "Undeadhunter" {deathbane, rN+}
 16540 | Orc:1    | Entered Level 1 of the Orcish Mines
 16546 | Orc:1    | Reached skill level 10 in Shields
 16611 | Orc:1    | Found a runed translucent door.
 16736 | Orc:1    | Noticed p0werm0de's ghost (journeyman MiFi)
 16756 | Orc:2    | Entered Level 2 of the Orcish Mines
 16992 | Orc:2    | Found a staircase to the Elven Halls.
 16992 | Orc:2    | Noticed an orc warlord
 17011 | Orc:2    | Killed an orc warlord
 17114 | Orc:2    | Found Suis Issi's Book Shop.
 17163 | Orc:2    | Noticed Saint Roka
 17800 | Orc:2    | Found a transporter.
 17807 | Orc:2    | Noticed an orc warlord
 17811 | Orc:2    | Found a bloodstained altar of Trog.
 17819 | Orc:2    | Found a transporter.
 17819 | Orc:2    | Noticed bumbalina's ghost (journeyman NaCj)
 17826 | Orc:2    | Noticed an orc warlord
 17843 | Orc:2    | Killed an orc warlord
 17849 | Orc:2    | Paralysed by an orc sorcerer for 5 turns
 18098 | Orc:2    | Killed Saint Roka
 18495 | Orc:2    | Found Ymmit's Book Shoppe.
 18519 | Orc:2    | Found Etritz's Antique Armour Shoppe.
 18632 | Orc:2    | Found Getecaom's Antique Weapon Shoppe.
 18639 | Orc:2    | Paralysed by an orc sorcerer for 5 turns
 18717 | Orc:2    | Found Xuuggax's General Store.
 18724 | Orc:2    | Bought a scroll of teleportation for 51 gold pieces
 18724 | Orc:2    | Bought a potion of haste for 170 gold pieces
 18724 | Orc:2    | Bought a +2 pair of boots of flying for 365 gold pieces
 18774 | Orc:2    | Reached XP level 15. HP: 146/149 MP: 14/14
 19001 | Orc:2    | Bought the +7 battleaxe of Moderation {elec, Fly Will+
                  | Str-3 Dex+3} for 1054 gold pieces
 19494 | D:12     | Noticed Erolcha
 19502 | D:12     | Killed Erolcha
 19616 | D:12     | Found a blossoming altar of Fedhas.
 19716 | D:12     | Found a portal to a secret trove of treasure.
 19763 | D:12     | Noticed Urug
 19772 | D:12     | Killed Urug
 20052 | D:13     | Noticed Sonja
 20065 | D:13     | Killed Sonja
 21275 | D:14     | Found a gate to the Vaults.
 21386 | D:14     | Found a gate leading to a gauntlet.
 21395 | Gauntlet | Entered a Gauntlet
 21395 | Gauntlet | Found a transporter.
 21404 | Gauntlet | Found a transporter.
 21423 | Gauntlet | Found a transporter.
 21425 | Gauntlet | Found a transporter.
 21446 | Gauntlet | Found a transporter.
 21456 | Gauntlet | Found a transporter.
 21473 | Gauntlet | Found a transporter.
 21500 | Gauntlet | Found a transporter.
 21500 | Gauntlet | Found a transporter.
 21506 | Gauntlet | Found a transporter.
 21529 | Gauntlet | Found a transporter.
 21533 | Gauntlet | Found a transporter.
 21541 | Gauntlet | Found the ring of the Mage {Wiz Archmagi}
 21608 | Gauntlet | Identified the ring "Zahyczi" {Ice rN+++ Will+ Str+2 Dex-3}
 21719 | Gauntlet | Identified the +0 pair of gloves of the Sky {rElec rPois
                  | Dex+2 Slay+2}
 21759 | Gauntlet | Identified the +7 war axe of Tixkan {freeze, Will+ Str+3
                  | Int-3 Dex+3}
 21780 | Gauntlet | Identified the +3 rapier "Gasueg" {freeze, rF++}
 21785 | Gauntlet | Identified the +1 leather armour "Qobot" {rPois Int+5}
 21786 | Gauntlet | Got the Compilation of Misfortune
 22522 | D:14     | Noticed Roxanne
 22752 | D:15     | Entered Level 15 of the Dungeon
 22876 | D:15     | Reached skill level 15 in Armour
 23024 | D:15     | Found a staircase to the Depths.
 23110 | D:15     | Reached XP level 16. HP: 158/162 MP: 13/15
 23157 | Abyss:2  | Cast into level 2 of the Abyss (an occultist)
 23480 | Abyss:2  | Found a corrupted altar of Lugonu.
 23541 | Abyss:2  | Gained mutation: You have hidden genetic defects. [a
                  | neqoxec]
 23659 | Abyss:2  | Lost mutation: You have hidden genetic defects. [potion of
                  | mutation]
 23659 | Abyss:2  | Gained mutation: You are weak. (Str -2) [potion of
                  | mutation]
 23659 | Abyss:2  | Gained mutation: You are partially covered in iridescent
                  | scales. (AC +2) [potion of mutation]
 23703 | Abyss:2  | Noticed a tentacled starspawn
 23709 | Abyss:2  | Killed a tentacled starspawn
 23731 | D:15     | Escaped the Abyss
 24672 | Swamp:1  | Entered Level 1 of the Swamp
 25207 | Swamp:4  | Entered Level 4 of the Swamp
 25897 | Swamp:4  | Reached XP level 17. HP: 124/173 MP: 11/16
 26384 | Swamp:4  | Got a decaying rune of Zot
 26385 | Swamp:4  | Got a mossy gem with 156 turns to spare
 26600 | Spider:1 | Entered Level 1 of the Spider Nest
 26941 | Spider:4 | Entered Level 4 of the Spider Nest
 28066 | Spider:4 | Got a gossamer rune of Zot
 28069 | Spider:4 | Got a milky-white gem with 1003 turns to spare
 28380 | Vaults:1 | Entered Level 1 of the Vaults
 28696 | Vaults:2 | Reached XP level 18. HP: 160/188 MP: 14/17
 28983 | Vaults:2 | Found a runed translucent gate.
 28983 | Vaults:2 | Noticed Asparus's ghost (adept DsCj)
 28984 | Vaults:2 | Found a runed translucent gate.
 28985 | Vaults:2 | Found a runed translucent gate.
 29250 | Vaults:2 | Gained mutation: Armour fits poorly on your strangely
                  | shaped body. [a shining eye]
 29555 | Vaults:2 | Lost mutation: You are partially covered in iridescent
                  | scales. (AC +2) [potion of mutation]
 29555 | Vaults:2 | Lost mutation: Armour fits poorly on your strangely shaped
                  | body. [potion of mutation]
 29555 | Vaults:2 | Gained mutation: You are clumsy. (Dex -2) [potion of
                  | mutation]
 29611 | Vaults:2 | Found Gishyetu's Weapon Shoppe.
 30094 | Vaults:2 | Found a staircase to the Crypt.
 30192 | Vaults:2 | Identified the +4 demon trident "Amimaod" {venom, Str+3
                  | Int+6}
 30192 | Vaults:2 | Identified the +1 ring mail "Uvoatets" {Harm *Slow Will+++
                  | Stlth+}
 30233 | Vaults:3 | Identified the +1 robe of the Stag {Harm rF+ Str-4 Int+5}
 31104 | Vaults:4 | Reached XP level 19. HP: 139/200 MP: 15/18
 31259 | Vaults:4 | Identified the +11 scimitar of Departure {speed, rElec}
 32569 | Vaults:5 | Entered Level 5 of the Vaults
 32581 | Vaults:5 | Noticed a dread lich
 33873 | Vaults:5 | Got a silver rune of Zot
 34181 | Vaults:5 | Paralysed by something for 2 turns
 34195 | Vaults:5 | Paralysed by something for 3 turns
 34202 | Vaults:5 | Killed a dread lich
 34203 | Vaults:5 | Reached XP level 20. HP: 192/214 MP: 16/19
 35051 | Depths:1 | Entered Level 1 of the Depths
 35051 | Depths:1 | Found a gateway to Hell.
 35279 | Depths:1 | Found a radiant altar of Vehumet.
 35311 | Depths:2 | Identified the +5 ring mail of the Barnacle {rF+ rN+}
 35340 | Depths:2 | Reached skill level 27 in Fighting
 35672 | Depths:3 | Found a one-way gate leading to the halls of Pandemonium.
 35690 | Depths:3 | Found a one-way gate to the infinite horrors of the Abyss.
 36140 | Depths:4 | Entered Level 4 of the Depths
 36291 | Depths:4 | Found a shimmering blue altar of Sif Muna.
 36896 | Depths:4 | Noticed a golden dragon
 36916 | Depths:4 | Killed a golden dragon
 36948 | Depths:4 | Found a gate to the Realm of Zot.
 36955 | Zot:1    | Entered Level 1 of the Realm of Zot
 36958 | Depths:4 | Got a midnight gem with 1209 turns to spare
 37178 | Zot:3    | Noticed a golden dragon
 37180 | Zot:3    | Noticed a curse toe
 37185 | Zot:3    | Killed a golden dragon
 37185 | Zot:3    | Noticed a golden dragon
 37201 | Zot:3    | Killed a curse toe
 37210 | Zot:3    | Killed a golden dragon
 37214 | Zot:3    | Reached XP level 21. HP: 97/224 MP: 1/20
 37604 | Zot:3    | Noticed a golden dragon
 37611 | Zot:3    | Killed a golden dragon
 37727 | Zot:3    | Reached skill level 27 in Armour
 38116 | Zot:4    | Noticed an orb of fire
 38130 | Zot:4    | Killed an orb of fire
 38298 | Zot:4    | Noticed a golden dragon
 38321 | Zot:4    | Killed a golden dragon
 38922 | Zot:5    | Entered Level 5 of the Realm of Zot
 38932 | Zot:5    | Noticed an orb of fire
 38932 | Zot:5    | Noticed an orb of fire
 38932 | Zot:5    | Noticed a Killer Klown
 38936 | Zot:5    | Noticed an orb of fire
 38936 | Zot:5    | Noticed a Killer Klown
 38937 | Zot:5    | Noticed a curse toe
 38937 | Zot:5    | Noticed an orb of fire
 38946 | Zot:5    | Noticed a Killer Klown
 38947 | Zot:5    | Got the Orb of Zot
 38955 | Zot:5    | Noticed an orb of fire
 38955 | Zot:5    | Noticed an orb of fire
 38956 | Zot:5    | Noticed a Killer Klown
 38969 | Zot:5    | Killed a dread lich
 39126 | Depths:4 | Noticed Hovoq the pandemonium lord
 39493 | D:$      | Escaped with the Orb!

Illustrated notes

Levels and vault maps discovered:
D:1:      psy_arrival_basics, layout_loops_ring, serial_glass, glass_columns_b,
          glass_columns_c, glass_columns_a, glass_columns_c, minmay_surrounded
D:2:      layout_basic, basic_altar, uniq_jessica
D:3:      layout_rooms, tgw_kikubaaqudgha
D:4:      layout_cave_pools, nicolae_gozag_seed_capital,
          minmay_temple_entry_arrows, gup_sewer_entry_spiral,
          chequers_serial_rivers_micro_e, minmay_shop_enchanted_jewellery,
          minivault_24, minmay_circle_x
D:5:      layout_cave_pools, nicolae_dithmenos_the_darkroom,
          uniq_prince_ribbit1, uniq_sigmund
D:6:      layout_loops_ring, mainiacjoe_overflow_brackets, uniq_menkaure
D:7:      layout_basic, serial_undead, serial_undead_e, serial_undead_f,
          serial_undead_e, serial_undead_f, serial_undead_e, serial_undead_f,
          serial_undead_a, serial_undead_b, serial_undead_e, serial_undead_d,
          minmay_misc_feat_hallway
D:8:      layout_cave_pools, grunt_temple_overflow_open,
          nicolae_qazlal_beasts_of_the_sky
D:9:      layout_stronghold, doesnt_xom_only_xom, david_orc_4
D:10:     layout_rooms, serial_park_tiny_1
D:11:     layout_basic, grunt_lair_entry_orc_guard_hut, minmay_lindwurm_lava
D:12:     layout_basic, nicolae_trove_entry_crossroad, fedhas_altar_4,
          uniq_urug, uniq_erolcha
D:13:     layout_big_octagon, beargit_elvish_explorers, uniq_sonja
D:14:     layout_grid_maze, david_vaults_3, grunt_decor_arrowhead,
          gauntlet_entry_generic, uniq_roxanne
D:15:     hangedman_depths_entry_civil_slaughter, layout_gridville,
          bh_walls_and_bars
Lair:1:   layout_hall_layers, grunt_megastairs_2, uniq_amaemon, uniq_joseph
Lair:2:   layout_chaotic_city, swamp_mist_pool
Lair:3:   layout_cave_shapes, hellmonk_spider_entry_not_the_bees, minivault_27,
          uniq_josephine
Lair:4:   layout_regular_city, nicolae_slime_entry_field_trip
Lair:5:   evilmike_catoblepas_cave, layout_loops_ring, nicolae_lair_lil_pond
Swamp:1:  layout_basic_swamp, evilmike_swamp_ruin_rubble_2
Swamp:2:  layout_basic_swamp, serial_swamp_ruin, evilmike_swamp_ruin_house_6,
          hangedman_swamp_ruin_wall, evilmike_swamp_ruin_house_2,
          infiniplex_staircase_pool_2
Swamp:3:  layout_basic_swamp, evilmike_swamp_ruin_house_3, swamp_pool_1_2,
          uniq_nikola
Swamp:4:  swamp_alternative, layout_basic_swamp, grunt_witch_cave
Spider:1: layout_chambers
Spider:2: layout_spider_delve
Spider:3: layout_chambers, hangedman_spider_tarantella_strand, uniq_kirke
Spider:4: guppyfry_spider_rune
Orc:1:    layout_diamond_mine, ebering_ghost_reflecting_pool, basic_altar
Orc:2:    grunt_orc_cross, layout_caves, gammafunk_ghost_wrathful_warriors,
          serial_shops, nicolae_book_shop_shelving
Vaults:1: v_misc_1, v_misc_10, v_pattern_2, nicolae_vaults_three_branches,
          nicolae_vaults_inception_corners, nicolae_vaults_trapezoid_3,
          nicolae_vaults_closet_pinwheel_5, layout_vaults_maze_snakey,
          serial_shops, nicolae_shop_mannequins
Vaults:2: gammafunk_ghost_fury_of_okawaru,
          nicolae_vaults_taking_the_gang_shopping, blue_anna_dwarven_crypt,
          nicolae_vaults_offset_grid_hallway_3, nicolae_vaults_weapon_check,
          nicolae_vaults_trapezoid_lopsided_1, ontoclasm_vaults_idyll,
          dpeg_vaults_monster_box, nicolae_vaults_little_squares_2,
          nicolae_vaults_loss_of_containment, v_misc_1, nicolae_vaults_alarming,
          nicolae_vaults_what_the_h, layout_vaults_ring
Vaults:3: nicolae_vaults_little_squares_4, nicolae_vaults_more_shelving_2,
          v_pattern_4, v_misc_4, grunt_vaults_funnel, hangedman_vaults_stream,
          ontoclasm_vaults_spin, nicolae_vaults_little_squares_2,
          layout_vaults_big_cross
Vaults:4: ontoclasm_vaults_ring_small, special_room_vaults [special_room_orc],
          nicolae_vaults_network_periphery, nicolae_vaults_ellipses_ellipsis,
          hangedman_vaults_corner_blocks, ontoclasm_vaults_gateway,
          nicolae_vaults_storage_room_doors, v_misc_8,
          nicolae_vaults_hexular_roomagon, nicolae_vaults_apartment_1,
          layout_vaults_big_room
Vaults:5
Depths:1: layout_roguey, muffindrake_ghost_three_little_ghosts,
          nicolae_vehumet_radiance, hell_entry, minmay_hollow_rounded_squares,
          uniq_enchantress
Depths:2: minmay_fractal_lines_corner, layout_gridville, abyss_entry_glasseish,
          minmay_misc_feat_chi, hellmouth_3, pan_entry, minmay_staircase_bubble
Depths:3: minmay_polygon_palace, layout_cave_shapes, enter_ziggurat_c,
          rand_demon_pan_entry_8, hell_entry, serial_glass, glass_columns_a,
          glass_columns_a, ploomutoo_gammafunk_ghost_potion_laboratory,
          abyss_entry, uniq_norris
Depths:4: evilmike_zot_entry_basic, layout_gridville,
          nicolae_sif_muna_condensation, serial_shops,
          nicolae_shop_rolling_square, hell_entry, grunt_megastairs_5
Zot:1:    layout_twisted_circle, grunt_megastairs_1
Zot:2:    cheibrodos_zot_enchanting_chambers, layout_concentric_octagons,
          regret_index_zotdec_gossamer_gf, lemuel_elevator
Zot:3:    regret_index_zot_pan_timeshare, layout_cellular_growth
Zot:4:    grunt_twist_and_shout, layout_onion_interference, basic_altar,
          st_single_dragon_hoard_4
Zot:5:    layout_misc_corridors, basic_altar

Skill      XL: |  1  2  3  4  5  6  7  8  9 10 11 12 13 14 15 16 17 18 19 20 21 |
---------------+----------------------------------------------------------------+-----
Fighting       | 4 5 6 7 9 11 13 14 15 16 18 19 21 23 24 26 27 | 27.0
Axes           | 3 4 5 6 7 9 11 13 14 15 16 17 18 21 | 21.3
Armour         | 4 5 6 7 8 9 10 11 12 13 15 17 19 21 23 26 27 | 27.0
Dodging        | 3 5 6 8 |  8.9
Evocations     | 3 5 6 |  6.0
Shields        | 5 8 11 14 | 14.0

Action                     |  1- 3 |  4- 6 |  7- 9 | 10-12 | 13-15 | 16-18 | 19-21 || total
---------------------------+-------+-------+-------+-------+-------+-------+-------++-------
  Melee: War axe           |    74 |   153 |   295 |   566 |   758 |   980 |  1062 ||  3888
         Headbutt          |     7 |    22 |    45 |   130 |   240 |   269 |   378 ||  1091
         Battleaxe         |       |       |       |       |   153 |       |       ||   153
 Invoke: Potion Petition   |       |       |       |       |     2 |     2 |     5 ||     9
         Call Merchant     |       |       |       |       |     4 |       |       ||     4
         Bribe Branch      |       |       |       |       |       |       |     2 ||     2
  Evoke: Wand              |       |       |       |     8 |     2 |     1 |     1 ||    12
         Phantom mirror    |       |       |       |       |       |       |     1 ||     1
    Use: Scroll            |       |       |    11 |    13 |     6 |     4 |    22 ||    56
         Potion            |       |       |       |     1 |     1 |     4 |     7 ||    13
   Stab: Distracted        |       |       |     1 |     5 |     3 |    12 |    10 ||    31
         Confused          |       |       |       |       |       |     4 |       ||     4
 Armour: Scale mail        |    47 |   101 |   202 |    89 |       |       |       ||   439
         Plate armour      |       |       |       |   327 |       |       |       ||   327
         Crystal plate arm |       |       |       |     3 |   619 |   700 |   935 ||  2257
  Dodge: Dodged            |    32 |    58 |   229 |   313 |   303 |   364 |   267 ||  1566
  Block: Buckler           |    14 |    29 |    70 |    79 |       |       |       ||   192
         Kite shield       |       |       |       |    62 |   381 |   684 |   713 ||  1840

Table legend: (Time is in decaauts)
 A = Elapsed time spent in this place.
 B = Non-inter-level travel time spent in this place.
 C = Inter-level travel time spent in this place.
 D = Time resting spent in this place.
 E = Time spent auto-exploring this place.
 F = Levels seen in this place.
 G = Mean time per level.
                   A        B        C        D        E       F      G
               +--------+--------+--------+--------+--------+-----+--------+
         Total |  38913 |  36253 |   2660 |   6319 |  22461 |  47 |  827.9 |
       Dungeon |  15016 |  13659 |   1357 |   1176 |  10133 |  15 | 1001.1 |
          Lair |   6022 |   5545 |    477 |    537 |   4071 |   5 | 1204.4 |
         Swamp |   1783 |   1682 |    101 |    352 |    898 |   4 |  445.8 |
   Spider Nest |   1521 |   1372 |    149 |      0 |   1022 |   4 |  380.2 |
  Orcish Mines |   2542 |   2441 |    101 |    631 |   1294 |   2 | 1271.0 |
        Vaults |   6434 |   6178 |    256 |   1809 |   3060 |   5 | 1286.8 |
        Depths |   1930 |   1816 |    114 |    289 |   1017 |   4 |  482.5 |
           Zot |   2029 |   1928 |    101 |   1291 |     85 |   5 |  405.8 |
         Abyss |    553 |    553 |      0 |     65 |    333 |   1 |  553.0 |
         Sewer |    688 |    688 |      0 |    166 |    269 |   1 |  688.0 |
      Gauntlet |    392 |    392 |      0 |      0 |    277 |   1 |  392.0 |
               +--------+--------+--------+--------+--------+-----+--------+

Top non-repeatable levels by time:
   Orc:2: 2204 daAuts
Vaults:4: 2179 daAuts
  Lair:5: 1899 daAuts
Vaults:5: 1685 daAuts
     D:9: 1674 daAuts
    D:11: 1595 daAuts
Vaults:2: 1551 daAuts
     D:4: 1160 daAuts
Spider:4: 1126 daAuts
     D:7: 1115 daAuts
    D:14: 1082 daAuts
  Lair:1: 1067 daAuts
    D:15: 1055 daAuts
  Lair:4: 1036 daAuts
    D:13: 1034 daAuts
